 Dungeon Crawl Stone Soup version 0.30-a0-878-gc727b3d3d6 (webtiles) character file.

Game seed: 2393855021136738817

1123 112233 the Magician (level 8, -5/51 HPs)
             Began as an Octopode Earth Elementalist on Mar 12, 2023.
             Was an Initiate of Gozag.
             Engulfed by Maggie's steam (8 damage)
             ... on level 6 of the Dungeon.
             The game lasted 00:08:30 (4888 turns).

112233 the Magician (Octopode Earth Elementalist)   Turns: 4888, Time: 00:08:31

Health: -5/51      AC:  1    Str: 13    XL:     8   Next: 35%
Magic:  0/15       EV: 14    Int: 25    God:    Gozag
Gold:   185        SH:  0    Dex: 13    Spells: 7/17 levels left

rFire   . . .      SeeInvis .    c - +2 mace (protect)
rCold   . . .      Faith    .    (no shield)
rNeg    . . .      Spirit   .    (helmet restricted)
rPois   .          Reflect  .    (no amulet)
rElec   .          Rampage  .    g - +6 ring of intelligence
rCorr   .                        k - ring of willpower
Will    +....                    m - +6 ring of strength
Stlth   +++++                    (no ring)
HPRegen 0.28/turn                (no ring)
MPRegen 0.14/turn                (no ring)
                                 (no ring)
                                 (no ring)

@: mesmerised
A: almost no armour, amphibious, 8 rings, camouflage 1, gelatinous body 1,
nimble swimmer 1, tentacles
a: Renounce Religion, Potion Petition, Call Merchant, Bribe Branch


You were on level 6 of the Dungeon.
You worshipped Gozag.
Gozag was aware of your devotion.
You visited 2 branches of the dungeon, and saw 7 of its levels.

You collected 304 gold pieces.
You paid 119 gold pieces to Gozag.

Inventory:

Hand Weapons
 c - a +2 mace of protection (weapon)
Jewellery
 g - a +6 ring of intelligence (left tentacle)
 k - a ring of willpower (right tentacle)
 m - a +6 ring of strength (on tentacle)
Wands
 r - a wand of paralysis (7)
 t - a wand of light (4)
Scrolls
 a - 2 scrolls of enchant weapon {unknown}
 d - 4 scrolls of teleportation {unknown}
 f - 3 scrolls of identify {unknown}
 h - a scroll of poison {unknown}
 i - a scroll of blinking {unknown}
 j - 2 scrolls of amnesia {unknown}
 n - 2 scrolls of noise {unknown}
 p - a scroll of fog {unknown}
 q - 2 scrolls of immolation {unknown}
 s - 2 scrolls of vulnerability {unknown}
 u - a scroll of butterflies {unknown}
Potions
 b - 3 potions of brilliance {unknown}
 e - 2 potions of lignification
 l - a potion of haste {unknown}
 o - 2 potions of attraction {unknown}


   Skills:
 + Level 2.7 Fighting
 + Level 4.4 Dodging
 - Level 4.5 Stealth
 * Level 5.0 Spellcasting
 + Level 2.7 Conjurations
 - Level 2.6 Transmutations
 + Level 5.0 Earth Magic


You had 7 spell levels left.
You knew the following spells:

 Your Spells              Type           Power      Damage    Failure   Level
a - Sandblast             Erth           62%        2d14      1%          1
b - Stone Arrow           Conj/Erth      50%        3d10      4%          3
c - Passwall              Tmut/Erth      20%        N/A       2%          2
d - Leda's Liquefaction   Hex/Erth       9%         N/A       28%         4

Your spell library contained the following spells:

 Spells                   Type           Power      Damage    Failure   Level
 Lesser Beckoning         Tloc           12%        N/A       12%         2
 Petrify                  Tmut/Erth      25%        N/A       17%         4
 Call Canine Familiar     Summ           6%         N/A       24%         3
 Gell's Gravitas          Tloc           6%         N/A       24%         3
 Portal Projectile        Hex/Tloc       12%        N/A       24%         3
 Teleport Other           Tloc           6%         N/A       24%         3
 Dispersal                Tloc           3%         N/A       100%        6
 Lehudib's Crystal Spear  Conj/Erth      12%        10d4      100%        8
 Animate Armour           Summ/Erth      Unusable   N/A       N/A         4

Dungeon Overview and Level Annotations

Branches:
Dungeon (6/15)             Temple (1/1) D:5

Altars:
Ashenzari
Cheibriados
Dithmenos
Elyvilon
Fedhas
Gozag
Makhleb
Nemelex Xobeh
Okawaru
Qazlal
Ru
Uskayaw
Vehumet
Wu Jian
Xom
Zin
The Shining One

Annotations:
D:4 3 runed translucent doors, paps's ghost, amateur DsGl
D:6 Maggie


Innate Abilities, Weirdness & Mutations

You cannot wear most types of armour.
You are amphibious.
You can wear up to eight rings at the same time.
Your skin changes colour to match your surroundings (Stealth+).
Your rubbery body absorbs attacks. (AC +1, EV +1)
You are camouflaged when in or above water. (Stealth+)
You have tentacles for arms and can constrict up to eight enemies at once.


Message History

Aim: Maggie, wielding a +2 broad axe of flaming, wearing +1 swamp dragon scales and carrying a wand of flame (10) (moderately wounded, 75% to hit)
The stone arrow hits Maggie!
Maggie is heavily wounded.
You are engulfed in a cloud of scalding steam.
Maggie mumbles some strange words.
Maggie attempts to bespell you!
You are mesmerised by Maggie!
Unknown command.
Maggie casts a spell at you. The bolt of fire hits you!
Casting: Stone Arrow (dangerous; 4% risk of failure)
Confirm with . or Enter, or press ? or * to list all spells.
Aiming: Stone Arrow (dangerous; 4% risk of failure)
Press: ? - help, Shift-Dir - straight line, f/p - Maggie
Aim: Maggie, wielding a +2 broad axe of flaming, wearing +1 swamp dragon scales and carrying a wand of flame (10) (heavily wounded, mesmerising, 75% to hit)
The stone arrow hits Maggie!
Maggie is severely wounded.
You are engulfed in a cloud of scalding steam.
* * * LOW HITPOINT WARNING * * *
Unknown command.
Casting: Stone Arrow (dangerous; 4% risk of failure)
Confirm with . or Enter, or press ? or * to list all spells.
Aiming: Stone Arrow (dangerous; 4% risk of failure)
Press: ? - help, Shift-Dir - straight line, f/p - Maggie
Aim: Maggie, wielding a +2 broad axe of flaming, wearing +1 swamp dragon scales and carrying a wand of flame (10) (severely wounded, mesmerising, 75% to hit)
The stone arrow hits Maggie!
Maggie is almost dead.
You are engulfed in a cloud of scalding steam.
* * * LOW HITPOINT WARNING * * *
Unknown command.
You cannot move away from Maggie!
Casting: Stone Arrow (dangerous; 4% risk of failure)
Confirm with . or Enter, or press ? or * to list all spells.
Aiming: Stone Arrow (dangerous; 4% risk of failure)
Press: ? - help, Shift-Dir - straight line, f/p - Maggie
Aim: Maggie, wielding a +2 broad axe of flaming, wearing +1 swamp dragon scales and carrying a wand of flame (10) (almost dead, mesmerising, 75% to hit)
The stone arrow misses Maggie.
You are engulfed in a cloud of scalding steam.
You die...
Your body crumbles into a pile of gold.

#.....####
#........#
#..≈.8.≈.#
#..≈...≈.#
#######
##..≈≈.≈≈.#
......#
#...≈≈.≈≈.#
####..##
#.#.≈§.≈≈.##
)..#...#
#.#.≈≈_≈≈..#
≈≈.#...#
#...@≈≈≈≈...#
.≈.#...#
#.<.@≈≈≈..#.#
.≈.#...#
#.........#.#
.≈.#...#
#....###### #
.≈@#...#
#..#.#
≈.#)§..#
##.... $
≈.#.§..#
......
≈.#.≈..#
#(..#.?.
≈.#.≈....
........


You could see Maggie (mesmerising).

Vanquished Creatures
  Sigmund (D:5)
  Eustachio (D:5)
  A black bear (D:4)
  An ogre (D:6)
  2 scorpions (D:5)
  2 electric eels (D:6)
  A hound (D:5)
  A jelly (D:5)
  3 orc priests
  Jessica (D:2)
  An iguana (D:5)
  A sleepcap (D:5)
  An orc wizard (D:5)
  3 gnolls (D:6)
  6 adders
  2 ufetubi (D:5)
  2 worms (D:2)
  2 dart slugs
  17 orcs
  5 bats
  3 endoplasms
  4 giant cockroaches
  6 goblins
  7 hobgoblins
  3 jackals
  5 quokkas
  7 ball pythons
  2 frilled lizards (D:2)
  9 kobolds
  6 rats
106 creatures vanquished.

Notes
Turn   | Place    | Note
-------+----------+-------------------------------------------
     0 | D:1      | 112233 the Octopode Earth Elementalist began the quest for
                  | the Orb.
     0 | D:1      | Reached XP level 1. HP: 11/11 MP: 3/3
   176 | D:1      | Reached XP level 2. HP: 17/17 MP: 0/5
   631 | D:1      | Reached XP level 3. HP: 21/21 MP: 3/6
  1229 | D:2      | Noticed Jessica
  1268 | D:2      | Learned a level 3 spell: Stone Arrow
  1294 | D:2      | Learned a level 2 spell: Passwall
  1478 | D:2      | Reached XP level 4. HP: 18/27 MP: 4/7
  1767 | D:2      | Killed Jessica
  1953 | D:4      | Reached XP level 5. HP: 31/31 MP: 5/9
  2100 | D:4      | Found a runed translucent gate.
  2100 | D:4      | Noticed paps's ghost (amateur DsGl)
  2101 | D:4      | Found a runed translucent gate.
  2103 | D:4      | Found a runed translucent gate.
  2156 | D:4      | Noticed a black bear
  2160 | D:4      | Killed a black bear
  2161 | D:4      | Reached XP level 6. HP: 26/36 MP: 2/10
  2591 | D:4      | Found a sparkling altar of Nemelex Xobeh.
  2763 | D:3      | You fall into a shaft and drop 3 floors!
  2781 | D:6      | Found a shadowy altar of Dithmenos.
  2820 | D:6      | Reached skill level 1 in Fighting
  2820 | D:6      | Reached skill level 1 in Conjurations
  2856 | D:6      | Found a blossoming altar of Fedhas.
  2894 | D:6      | Reached XP level 7. HP: 32/43 MP: 1/12
  3032 | D:6      | Noticed Maggie
  3044 | D:6      | HP: 1/43 [something/bolt of fire (31)]
  3346 | D:5      | Entered Level 5 of the Dungeon
  3385 | D:5      | Noticed Sigmund
  3389 | D:5      | Killed Sigmund
  3476 | D:5      | Found a sand-covered staircase.
  3585 | D:5      | Found a staircase to the Ecumenical Temple.
  3750 | D:5      | Noticed Eustachio
  3884 | D:5      | Killed Eustachio
  3885 | D:5      | Reached XP level 8. HP: 51/51 MP: 1/15
  4026 | Temple   | Entered the Ecumenical Temple
  4107 | Temple   | Became a worshipper of Gozag Ym Sagoz the Greedy
  4217 | D:5      | Learned a level 4 spell: Leda's Liquefaction
  4569 | D:5      | Reached skill level 5 in Spellcasting
  4588 | D:5      | Reached skill level 5 in Earth Magic
  4859 | D:6      | Found a snail-covered altar of Cheibriados.
  4887 | D:6      | HP: 2/51 [Maggie] (7)]
  4888 | D:6      | Engulfed by Maggie's steam

Illustrated notes

Levels and vault maps discovered:
D:1:      saegor_arrival_simple_a, layout_loops_ring
D:2:      layout_rooms, uniq_jessica
D:3:      layout_rooms, yredelemnul_forgotten_temple_becter, chequers_arboretum
D:4:      layout_loops_ring, lemuel_coloured_pillars_altar,
          gammafunk_ghost_split, hangedman_decor_growths
D:5:      layout_cave_pods, temple_pool_b,
          nicolae_ossuary_entry_false_entrances, uniq_sigmund, uniq_eustachio
D:6:      layout_rooms, mainiacjoe_overflow_catwalk, nicolae_overflow_squiral,
          minivault_23, uniq_maggie
Temple:   nicolae_temple_two_arcs

Skill      XL: |  1  2  3  4  5  6  7  8 |
---------------+-------------------------+-----
Stealth        | 3 4 |  4.5
Transmutations | 2 |  2.6
Dodging        | 3 4 |  4.4
Spellcasting   | 3 4 5 |  5.0
Earth Magic    | 4 5 |  5.0
Fighting       | 1 2 |  2.7
Conjurations   | 1 2 |  2.7

Action                     |  1- 3 |  4- 6 |  7- 9 || total
---------------------------+-------+-------+-------++-------
  Melee: Mace              |     2 |       |       ||     2
   Cast: Sandblast         |    61 |    49 |    12 ||   122
         Stone Arrow       |       |     5 |    41 ||    46
  Evoke: Wand              |       |     4 |       ||     4
    Use: Potion            |     1 |     1 |       ||     2
   Stab: Sleeping          |     1 |       |       ||     1
 Armour: Skin              |     5 |     4 |       ||     9
  Dodge: Dodged            |    20 |    11 |     4 ||    35

Table legend: (Time is in decaauts)
 A = Elapsed time spent in this place.
 B = Non-inter-level travel time spent in this place.
 C = Inter-level travel time spent in this place.
 D = Time resting spent in this place.
 E = Time spent auto-exploring this place.
 F = Levels seen in this place.
 G = Mean time per level.
                   A        B        C        D        E       F      G
               +--------+--------+--------+--------+--------+-----+--------+
         Total |   4947 |   4775 |    172 |    615 |   3488 |   7 |  706.7 |
       Dungeon |   4856 |   4712 |    144 |    615 |   3433 |   6 |  809.3 |
        Temple |     90 |     62 |     28 |      0 |     55 |   1 |   90.0 |
               +--------+--------+--------+--------+--------+-----+--------+

Top non-repeatable levels by time:
     D:5: 1426 daAuts
     D:1: 1318 daAuts
     D:4: 817 daAuts
     D:6: 617 daAuts
     D:2: 555 daAuts
     D:3: 121 daAuts
  Temple: 90 daAuts
